 Dungeon Crawl Stone Soup version 0.30-a0-591-g3c58d2bc28 (webtiles) character file.

Game seed: 7101518612039937559

221 wormed the Insei (level 5, -3/31 (34) HPs)
             Began as an Octopode Transmuter on Jan 6, 2023.
             Slain by Edmund
             ... wielding a +5 dire flail of draining
              (17 damage)
             ... on level 4 of the Dungeon.
             The game lasted 00:04:01 (2597 turns).

wormed the Insei (Octopode Transmuter)              Turns: 2597, Time: 00:04:02

HP:   -3/31 (34)    AC:  1    Str: 10    XL:     5   Next: 98%
MP:   7/9           EV: 15    Int: 17    God:
Gold: 164           SH:  0    Dex: 24    Spells: 2/9 levels left

rFire   . . .      SeeInvis .      - Unarmed
rCold   . . .      Faith    .    (no shield)
rNeg    . . .      Spirit   .    (helmet currently unavailable)
rPois   .          Reflect  .    d - amulet of regeneration
rElec   .          Harm     .    a - +6 ring of dexterity
rCorr   .          Rampage  .    f - +6 ring of dexterity
Will    .....                    (no ring)
Stlth   +++                      (no ring)
HPRegen 1.05/turn                (no ring)
MPRegen 0.11/turn                (no ring)
                                 (no ring)
                                 (no ring)

@: appendages, wereblooded, drained
A: tentacle spike 3, almost no armour, amphibious, 8 rings, camouflage 1,
gelatinous body 1, (nimble swimmer 1), tentacles
a: End Transformation


You were on level 4 of the Dungeon.
One of your tentacles had grown a beastly spike.
You visited 1 branch of the dungeon, and saw 4 of its levels.

You collected 164 gold pieces.

Inventory:

Jewellery
 a - a +6 ring of dexterity (left tentacle)
 d - an amulet of regeneration (around mantle)
 f - a +6 ring of dexterity (right tentacle)
Wands
 g - a wand of flame (8) (quivered)
Scrolls
 b - 3 scrolls of teleportation
 n - a scroll of magic mapping
Potions
 c - 2 potions of cancellation
 h - 2 potions of curing
 j - a potion of lignification
 k - a potion of heal wounds
 l - a potion of berserk rage
 m - a potion of brilliance {unknown}


   Skills:
 + Level 2.2 Fighting
 + Level 2.8 Dodging
 + Level 3.6 Unarmed Combat
 + Level 2.7 Spellcasting
 * Level 3.6 Transmutations
 + Level 1.6 Ice Magic


You had 2 spell levels left.
You knew the following spells:

 Your Spells              Type           Power      Damage    Failure   Level
a - Beastly Appendage     Tmut           28%        N/A       4%          1
b - Wereblood             Tmut           14%        N/A       6%          2
z - Ice Form              Ice/Tmut       11%        N/A       52%         4

Your spell library contained the following spells:

 Spells                   Type           Power      Damage    Failure   Level
 Spider Form              Tmut/Pois      8%         N/A       26%         3
 Gell's Gravitas          Tloc           2%         N/A       47%         3
 Lesser Beckoning         Tloc           4%         N/A       47%         3
 Teleport Other           Tloc           2%         N/A       47%         3


Dungeon Overview and Level Annotations

Branches:
Dungeon (4/15)
 Temple: D:4-7

Altars:
Trog
Xom

Annotations:
D:2 Robin
D:4 Edmund


Innate Abilities, Weirdness & Mutations

One of your tentacles has grown a beastly spike.
You cannot wear most types of armour.
You are amphibious.
You can wear up to eight rings at the same time.
Your skin changes colour to match your surroundings (Stealth+).
Your rubbery body absorbs attacks. (AC +1, EV +1)
((You are camouflaged when in or above water. (Stealth+)))
You have tentacles for arms and can constrict up to eight enemies at once.


Message History

Confirm with . or Enter, or press ? or * to list all spells.
Your blood is infused with primal strength.
Casting: Wereblood (safe; 6% risk of failure)
Confirm with . or Enter, or press ? or * to list all spells.
You don't know that spell.
Aiming: Throw Flame
Press: ? - help, Q - select action, (/) - cycle Shift-Dir - straight line, f - Edmund
Aim: Edmund, wielding a +5 dire flail of draining and wearing a +0 scale mail (72% to hit)
The puff of flame hits Edmund but does no damage.
Aiming: Throw Flame
Press: ? - help, Q - select action, (/) - cycle Shift-Dir - straight line, f/p - Edmund
Aim: Edmund, wielding a +5 dire flail of draining and wearing a +0 scale mail (72% to hit)
The puff of flame hits Edmund.
Edmund is lightly wounded.
Aiming: Throw Flame
Press: ? - help, Q - select action, (/) - cycle Shift-Dir - straight line, f/p - Edmund
Aim: Edmund, wielding a +5 dire flail of draining and wearing a +0 scale mail (lightly wounded, 72% to hit)
The puff of flame hits Edmund but does no damage.
Edmund is lightly wounded.
You tentacle-slap Edmund but do no damage.
You grab Edmund.
Your tentacle spike misses Edmund.
Edmund is lightly wounded.
You constrict Edmund. Edmund closely misses you.
You tentacle-slap Edmund.
You pierce Edmund, but do no damage.
Edmund is moderately wounded.
You constrict Edmund.
Edmund hits you with a +5 dire flail of draining!
You feel drained.
You tentacle-slap Edmund.
Edmund is moderately wounded.
You constrict Edmund.
Edmund hits you with a +5 dire flail of draining!
You feel drained.
You tentacle-slap Edmund.
You pierce Edmund, but do no damage.
You tentacle-slap Edmund, but do no damage.
Edmund is heavily wounded.
You constrict Edmund.
Edmund hits you with a +5 dire flail of draining!
Ouch! That really hurt!
You die...

#.# #<# ###
#.###########.##
###.#..........#.#
#.........#####.##
#.....###.# #.#
.......###.# #.#
.#.........# #.#
####.####### #@#
#.# #@# #.# ...
#+# #..## #..#
#... ..## ..


You could see Edmund.

Vanquished Creatures
  Natasha (twice) (D:2)
  Terence (D:2)
  8 adders
  2 worms (D:2)
  5 dart slugs
  An orc (D:3)
  2 endoplasms (D:1)
  A giant cockroach (D:1)
  7 hobgoblins
  6 kobolds
  2 quokkas
  3 ball pythons
  3 bats
  6 frilled lizards
  11 goblins
  4 rats
64 creatures vanquished.

Notes
Turn   | Place    | Note
-------+----------+-------------------------------------------
     0 | D:1      | wormed the Octopode Transmuter began the quest for the Orb.
     0 | D:1      | Reached XP level 1. HP: 13/13 MP: 3/3
   173 | D:1      | Reached XP level 2. HP: 11/18 MP: 3/5
   660 | D:2      | Noticed Terence
   669 | D:2      | Reached XP level 3. HP: 20/23 MP: 4/6
   768 | D:2      | Found a faded altar of an unknown god.
   938 | D:2      | Reached skill level 1 in Ice Magic
   940 | D:2      | Reached XP level 4. HP: 24/28 MP: 7/7
   954 | D:2      | Noticed Natasha
   966 | D:2      | Killed Natasha
  1338 | D:2      | Reached XP level 5. HP: 22/34 MP: 6/8
  1381 | D:2      | Noticed Robin
  1465 | D:2      | Noticed Natasha
  1721 | D:2      | Killed Natasha
  1751 | D:2      | Learned a level 2 spell: Wereblood
  1756 | D:2      | Learned a level 4 spell: Ice Form
  1771 | D:2      | Killed Terence
  2131 | D:3      | Found a shimmering altar of Xom.
  2182 | D:3      | Found a bloodstained altar of Trog.
  2587 | D:4      | Noticed Edmund
  2597 | D:4      | Slain by Edmund

Illustrated notes

Levels and vault maps discovered:
D:1:      psy_arrival_terrarium, layout_basic
D:2:      layout_basic, hellmonk_ecumenical_altar_crossroads,
          minmay_strange_pillars, uniq_robin, uniq_terence, uniq_natasha
D:3:      layout_basic, trog_butcher_becter, mainiacjoe_overflow_boulevard
D:4:      layout_loops_corners, gammafunk_temple_overflow_forgotten,
          gup_sewer_entry_bubbles, minmay_pentomino_pile, uniq_edmund

Skill      XL: |  1  2  3  4  5 |
---------------+----------------+-----
Ice Magic      | 1 |  1.6
Transmutations | 3 |  3.6
Fighting       | 2 |  2.2
Dodging        | |  2.8
Unarmed Combat | |  3.6
Spellcasting   | |  2.7

Action                   |  1- 3 |  4- 6 || total
-------------------------+-------+-------++-------
Melee: Unarmed           |    53 |    88 ||   141
       Tentacles         |     8 |    15 ||    23
       Constrict         |    14 |    28 ||    42
       Kick              |    12 |    31 ||    43
       Punch             |     1 |     1 ||     2
 Cast: Beastly Appendage |    15 |    19 ||    34
       Wereblood         |       |    11 ||    11
Evoke: Wand              |       |     3 ||     3
  Use: Potion            |     1 |     1 ||     2
       Scroll            |     3 |     7 ||    10
 Stab: Sleeping          |     1 |     4 ||     5
       Distracted        |       |     1 ||     1
Armor: Skin              |     5 |     5 ||    10
Dodge: Dodged            |    32 |    45 ||    77

Table legend: (Time is in decaauts)
 A = Elapsed time spent in this place.
 B = Non-inter-level travel time spent in this place.
 C = Inter-level travel time spent in this place.
 D = Time resting spent in this place.
 E = Time spent auto-exploring this place.
 F = Levels seen in this place.
 G = Mean time per level.
                   A        B        C        D        E       F      G
               +--------+--------+--------+--------+--------+-----+--------+
         Total |   2593 |   2487 |    106 |    201 |   1808 |   4 |  648.2 |
       Dungeon |   2593 |   2487 |    106 |    201 |   1808 |   4 |  648.2 |
               +--------+--------+--------+--------+--------+-----+--------+

Top non-repeatable levels by time:
     D:2: 1152 daAuts
     D:1: 754 daAuts
     D:3: 649 daAuts
     D:4: 36 daAuts
